 Dungeon Crawl Stone Soup version 0.30.1-11-g7821555f0a (webtiles) character file.

Game seed: 10388898193977368523

1383 ChrisAssaf the Poker (level 8, -1/69 HPs)
             Began as a Hill Orc Fighter on Nov 25, 2023.
             Slain by an orc warrior
             ... wielding a +0 war axe
              (3 damage)
             ... in a bailey.
             The game lasted 00:14:40 (5165 turns).

ChrisAssaf the Poker (Hill Orc Fighter)             Turns: 5165, Time: 00:14:40

Health: -1/69      AC:  7    Str: 25    XL:     8   Next: 67%
Magic:  8/8        EV: 15    Int: 10    God:
Gold:   401        SH:  5    Dex:  8    Spells: 7/7 levels left

rFire   . . .        d - +2 demon trident (venom)
rCold   . . .        c - +1 buckler
rNeg    . . .        b - +0 scale mail
rPois   .            (no helmet)
rElec   +            (no cloak)
rCorr   .            v - -1 pair of gloves of the Leaf {rElec Regen+ Str+6 Dex-2}
SInv    .            (no boots)
Will    .....        i - amulet of regeneration Stlth
                     l - +5 ring of evasion
HPRegen 1.91/turn    (no ring)
MPRegen 0.11/turn

%: no passive effects
@: lethally poisoned (-1 -> -1), slowed, very slow
A: no striking features
a: no special abilities


You were in a bailey.
You visited 1 branch of the dungeon, and saw 8 of its levels.
You also visited: Bailey.

You collected 401 gold pieces.

Inventory:

Hand Weapons
 a - a +3 trident
 d - a +2 demon trident of venom (weapon)
 o - a +0 spear
Missiles
 f - 14 boomerangs (quivered)
 k - 12 curare-tipped darts
 r - 4 datura-tipped darts
Armour
 b - a +0 scale mail (worn)
 c - a +1 buckler (worn)
 v - the -1 pair of gloves of the Leaf (worn) {rElec Regen+ Str+6 Dex-2}
   (You found it on level 4 of the Dungeon)

   Str:       It affects your strength (+6).
   Dex:       It affects your dexterity (-2).
   rElec:     It insulates you from electricity.
   Regen:     It increases your rate of health regeneration.
Jewellery
 i - an amulet of regeneration (around neck)
 l - a +5 ring of evasion (left hand)
 t - an amulet of faith
 x - an amulet of reflection
Scrolls
 e - a scroll of fog
 n - a scroll of torment {unknown}
 p - a scroll of immolation {unknown}
 q - 2 scrolls of teleportation
Potions
 g - 2 potions of cancellation
 h - a potion of invisibility {unknown}
 j - 2 potions of attraction
 u - 2 potions of brilliance {unknown}
 w - a potion of heal wounds {unknown}
 z - a potion of haste {unknown}
 A - 2 potions of flight {unknown}
 C - a potion of degeneration {unknown}
 D - a potion of might
Miscellaneous
 m - a piece from Xom's chessboard (15/15)


   Skills:
 * Level 5.4 Fighting
 * Level 6.1 Polearms
 * Level 2.8 Throwing
 * Level 5.7 Armour
 * Level 2.4 Dodging
 * Level 2.6 Stealth
 * Level 4.9 Shields
 * Level 1.9 Evocations


You had 7 spell levels left.
You didn't know any spells.
Your spell library contained the following spells:

 Spells                   Type           Power      Damage    Failure   Level
 Beastly Appendage        Tmut           0%         N/A       69%         1
 Ensorcelled Hibernation  Hex/Ice        0%         N/A       83%         2
 Passwall                 Tmut/Erth      0%         N/A       83%         2
 Sublimation of Blood     Necr           0%         N/A       83%         2
 Wereblood                Tmut           0%         N/A       83%         2
 Spider Form              Tmut/Pois      0%         N/A       96%         3
 Swiftness                Air            0%         N/A       96%         3
 Summon Hydra             Summ           0%         N/A       100%        7


Dungeon Overview and Level Annotations

Branches:
Dungeon (9/15)               Lair (0/5) D:9          Bailey (1/1)
 Temple: D:4-7          Orc: D:9-12

Altars:


Message History

The poisoned dart hits you!
You are poisoned.
The kobold brigand hits you with a +0 war axe.
You puncture the kobold brigand!
The kobold brigand is poisoned.
The kobold brigand is moderately wounded.
You feel very sick.
The kobold brigand hits you but does no damage.
The kobold brigand barely misses you.
The kobold brigand completely misses you.
You closely miss the kobold brigand.
The kobold brigand is moderately wounded.
You feel very sick. The kobold brigand barely misses you.
The kobold brigand completely misses you.
The kobold brigand hits you with a +0 war axe!
The kobold brigand completely misses you.
The kobold brigand hits you with a +0 war axe. x2
The orc warrior hits you with a +0 war axe.
You feel sick.
The orc warrior hits you with a +0 war axe!
* * * LOW HITPOINT WARNING * * *
You block the kobold brigand's attack.
The kobold brigand attacks as you move away!
The kobold brigand closely misses you.
You feel sick.
The orc warrior hits you with a +0 war axe!
* * * LOW HITPOINT WARNING * * *
The kobold brigand hits you but does no damage.
The kobold brigand hits you with a +0 war axe.
* * * LOW HITPOINT WARNING * * *
The orc warrior hits you with a +0 war axe.
* * * LOW HITPOINT WARNING * * *
There is an open gate here.
The kobold brigand attacks as you move away!
The kobold brigand closely misses you.
The kobold brigand attacks as you move away!
The kobold brigand completely misses you.
You feel sick.
The orc warrior attacks as you move away!
The orc warrior hits you with a +0 war axe.
You die...

...... #... ###'###
##.....## #...8...#
#∩....o∩# ##...KK##
####'Ko####
##~....o@.~##
#####~~.......~~#####
#....~~.......~~....#
#.###~~.......~~###.#
#....~~.......~~....#
#.###~~.......~~###.#
#....~~.......~~....#
#.###~~.......~~###.#
#....~~.......~~....#


You could see 2 orc warriors and 2 kobold brigands.

Vanquished Creatures
  Edmund (D:6)
  A water moccasin (D:6)
  2 black bears
  An ogre (D:6)
  A phantom (D:5)
  4 kobold brigands
  2 bullfrogs
  A howler monkey (D:4)
  A hound (D:5)
  A jelly (D:6)
  5 iguanas
  A sleepcap (D:5)
  4 gnolls
  5 adders
  2 worms (D:3)
  3 dart slugs
  3 orcs
  4 bats
  12 endoplasms
  A giant cockroach (D:1)
  13 goblins
  6 hobgoblins
  2 jackals (D:1)
  10 kobolds
  3 quokkas (D:2)
  8 ball pythons
  A frilled lizard (D:3)
  9 rats
107 creatures vanquished.

Vanquished Creatures (others)
  An adder (D:6)
1 creature vanquished.

Grand Total: 108 creatures vanquished

Notes
Turn   | Place    | Note
-------+----------+-------------------------------------------
     0 | D:1      | ChrisAssaf the Hill Orc Fighter began the quest for the
                  | Orb.
     0 | D:1      | Reached XP level 1. HP: 19/19 MP: 1/1
   152 | D:1      | Reached XP level 2. HP: 25/27 MP: 2/2
   465 | D:1      | Reached XP level 3. HP: 33/33 MP: 3/3
   956 | D:3      | Reached XP level 4. HP: 18/40 MP: 4/4
  1013 | D:3      | Noticed a black bear
  1025 | D:3      | Killed a black bear
  1026 | D:3      | Reached skill level 3 in Polearms
  1026 | D:3      | Reached skill level 1 in Dodging
  1026 | D:3      | Reached skill level 1 in Stealth
  1026 | D:3      | Reached XP level 5. HP: 21/46 MP: 5/5
  1059 | D:5      | Entered Level 5 of the Dungeon
  1134 | D:4      | Reached skill level 1 in Throwing
  1173 | D:5      | Reached XP level 6. HP: 45/53 MP: 6/6
  1255 | D:5      | Noticed a black bear
  1264 | D:5      | Killed a black bear
  1265 | D:5      | Reached skill level 4 in Polearms
  1641 | D:5      | Reached XP level 7. HP: 58/60 MP: 7/7
  1891 | D:4      | Identified the -1 pair of gloves of the Leaf {rElec Regen+
                  | Str+6 Dex-2}
  2271 | D:4      | You fall into a shaft and drop 1 floor!
  4530 | D:6      | Noticed Edmund
  4555 | D:6      | Killed Edmund
  4556 | D:6      | Reached skill level 5 in Armour
  4606 | D:6      | Reached skill level 5 in Polearms
  4667 | D:6      | Reached skill level 5 in Fighting
  4667 | D:6      | Reached skill level 1 in Evocations
  4719 | D:6      | Reached XP level 8. HP: 68/68 MP: 8/8
  4837 | D:7      | You fall into a shaft and drop 2 floors!
  4843 | D:9      | Identified a scroll of acquirement
  4843 | D:9      | Acquired a +2 demon trident of venom
  4927 | D:9      | Found a flagged portal.
  4949 | Bailey   | Entered a bailey
  4996 | Bailey   | Reached skill level 6 in Polearms
  5163 | Bailey   | HP: 2/69 [orc warrior/+0 war axe (2)]
  5165 | Bailey   | Slain by an orc warrior

Illustrated notes

Levels and vault maps discovered:
D:1:      matt_arrival_spirals, layout_loops_ring, minivault_4
D:2:      layout_loops_corners
D:3:      layout_loops_cross
D:4:      layout_basic
D:5:      layout_rooms, minmay_misc_feat_four_crosses
D:6:      layout_rooms, minmay_quadrilaterals, uniq_edmund,
          uniq_crazy_yiuf_cottage
D:7:      layout_cave_pools, minitemple, temple_pool_b, eino_tiny_chamber
D:9:      layout_basic, due_lair_maze_entry_diamond, enter_bailey_5,
          roderic_batcave, hangedman_minor_gate_pass
Bailey:   bailey_axe_3, bailey

Skill      XL: |  1  2  3  4  5  6  7  8 |
---------------+-------------------------+-----
Fighting       | 4 5 |  5.4
Polearms       | 3 4 5 6 |  6.1
Armour         | 4 5 |  5.7
Dodging        | 1 2 |  2.4
Stealth        | 1 2 |  2.6
Shields        | 4 |  4.9
Throwing       | 1 2 |  2.8
Evocations     | 1 |  1.9

Action                     |  1- 3 |  4- 6 |  7- 9 || total
---------------------------+-------+-------+-------++-------
  Melee: Trident           |    96 |    81 |   137 ||   314
         Demon trident     |       |       |    48 ||    48
  Throw: Boomerang         |     2 |    11 |    75 ||    88
  Evoke: Wand              |       |       |     8 ||     8
    Use: Scroll            |     3 |       |    13 ||    16
         Potion            |       |     4 |     2 ||     6
   Stab: Invisible         |       |       |     4 ||     4
 Armour: Scale mail        |    51 |    32 |    47 ||   130
         Skin              |       |    34 |       ||    34
  Dodge: Dodged            |    47 |    32 |   189 ||   268
  Block: Buckler           |    31 |    26 |    53 ||   110
